 Dungeon Crawl Stone Soup version 0.17.0-73-gb648821 (console) character file.

140 Kloppie the Conjurer (level 5, -1/32 HPs)
             Began as a High Elf Conjurer on Dec 9, 2015.
             Slain by an iguana (8 damage)
             ... on level 4 of the Dungeon.
             The game lasted 00:05:31 (3265 turns).

Kloppie the Conjurer (High Elf Conjurer)            Turns: 3265, Time: 00:05:31

Health: -1/32      AC:  2    Str:  7    XL:     5   Next: 2%
Magic:  0/12       EV: 13    Int: 20    God:
Gold:   222        SH:  0    Dex: 15    Spells: 3 memorised, 5 levels left

rFire  . . .     SeeInvis .     y - -2 falchion (curse)
rCold  . . .     Clarity  .     a - +0 robe
rNeg   . . .     SustAt   .     (no shield)
rPois  .         Gourm    .     (no helmet)
rElec  .         Spirit   .     (no cloak)
rCorr  .         Warding  .     (no gloves)
rMut   .         Stasis   .     (no boots)
MR     .....                    (no amulet)
Stlth  ++........               (no ring)
                                (no ring)

@: very slightly contaminated, not resistant to hostile enchantments, unstealthy
A: no striking features
a: no special abilities


You were on level 4 of the Dungeon.
You were not hungry.

You visited 1 branch of the dungeon, and saw 4 of its levels.

You collected 222 gold pieces.

Inventory:

Hand Weapons
 e - a +0 short sword
 y - a cursed -2 falchion (weapon)
Armour
 a - a +0 robe (worn)
Jewellery
 d - an uncursed ring of stealth {unknown}
 h - an uncursed ring of positive energy {unknown}
Wands
 v - a wand of frost (22)
Scrolls
 f - a scroll of fog {unknown}
 j - 4 scrolls of identify {unknown}
 l - a scroll of recharging {unknown}
 m - 2 scrolls of random uselessness {unknown}
 n - a scroll of blinking {unknown}
 p - a scroll of enchant armour {unknown}
 q - 2 scrolls of immolation {unknown}
 r - 5 scrolls of teleportation {unknown}
 w - a scroll of remove curse {unknown}
Potions
 g - 2 potions of flight {unknown}
 k - 3 potions of agility {unknown}
 o - a potion of might {unknown}
 s - a potion of mutation {unknown}
 t - a potion of invisibility {unknown}
Books
 b - a book of Conjurations

   Spells                             Type                      Level
   a - Magic Dart                     Conjuration                  1
   b - Searing Ray                    Conjuration                  2
   c - Dazzling Spray                 Conjuration/Hexes            3
   d - Fulminant Prism                Conjuration/Hexes            4
   e - Iskenderun's Mystic Blast      Conjuration                  4
   f - Iskenderun's Battlesphere      Conjuration/Charms           5
Comestibles
 c - 5 bread rations
 i - 2 meat rations
 u - 7 chunks of flesh
 x - a beef jerky


   Skills:
 + Level 0.6 Fighting
 + Level 2.7 Dodging
 - Level 2.1 Stealth
 + Level 4.3 Spellcasting
 + Level 5.5 Conjurations


You had 5 spell levels left.
You knew the following spells:

 Your Spells              Type           Power        Failure   Level  Hunger
a - Magic Dart            Conj           ####         1%          1    None
b - Searing Ray           Conj           ####..       1%          2    #......
c - Iskenderun's Mystic   Conj           ####....     14%         4    ####...


Dungeon Overview and Level Annotations

Branches:
Dungeon (4/15)
 Temple: D:4-7

Altars:
Sif Muna
Vehumet


Message History

Press: ? - help, Shift-Dir - straight line, f/p - iguana
Aim: an iguana (moderately wounded)
The magic dart hits the iguana.
The iguana is moderately wounded.
The iguana closely misses you.
Casting: Magic Dart
Confirm with . or Enter, or press ? or * to list all spells.
Aiming: Searing Ray
Press: ? - help, Shift-Dir - straight line, f/p - iguana
Aim: an iguana (moderately wounded)
The searing ray misses the iguana.
The iguana completely misses you.
The searing ray hits the iguana.
The iguana is heavily wounded.
The iguana hisses menacingly.
The iguana bites you!
* * * LOW HITPOINT WARNING * * *
The searing ray hits the iguana.
The iguana is severely wounded.
The iguana bites you!
You die...

### ##.#
##..# #.@.#
#..l#.######
#..##......#
#.# #......#
## #.
#......# .. #
#####.####
..# #....##
..#
####..###.###
##........


You could see an iguana.

Vanquished Creatures
  An orc wizard (D:4)
  3 adders
  2 oozes
  2 worms (D:2)
  3 giant geckos
  4 orcs (D:4)
  8 bats
  A giant cockroach (D:2)
  10 hobgoblins
  8 kobolds
  A quokka (D:2)
  4 giant newts
  7 goblins
  A jackal skeleton (D:4)
  13 rats
68 creatures vanquished.

Notes
Turn   | Place    | Note
--------------------------------------------------------------
     0 | D:1      | Kloppie the High Elf Conjurer began the quest for the Orb.
     0 | D:1      | Reached XP level 1. HP: 11/11 MP: 4/4
   210 | D:1      | Reached XP level 2. HP: 17/17 MP: 4/6
   288 | D:1      | Learned a level 2 spell: Searing Ray
   737 | D:1      | Reached XP level 3. HP: 21/21 MP: 4/8
   887 | D:1      | Reached skill level 5 in Conjurations
  1393 | D:2      | Found a faded altar to an unknown god.
  1860 | D:2      | Reached XP level 4. HP: 27/27 MP: 7/10
  2130 | D:2      | Learned a level 4 spell: Iskenderun's Mystic Blast
  2209 | D:3      | Found a deep blue altar of Sif Muna.
  2453 | D:3      | Found a radiant altar of Vehumet.
  3208 | D:4      | Reached XP level 5. HP: 30/32 MP: 8/12
  3265 | D:4      | Slain by an iguana

Action                   |  1- 3 |  4- 6 || total
-------------------------+-------+-------++-------
Melee: Short sword       |     2 |       ||     2
       Falchion          |       |     1 ||     1
 Cast: Magic Dart        |    84 |    55 ||   139
       Searing Ray       |       |     2 ||     2
  Eat: Chunk             |     3 |     4 ||     7
